 Dungeon Crawl Stone Soup version 0.23-a0-389-g4a5eb33 (webtiles) character file.

328 Loudmushroom the Shield-Bearer (level 6, -3/39 HPs)
             Began as a Gargoyle Fighter on Oct 29, 2018.
             Killed by divine providence
             ... invoked by an orc priest
              (15 damage)
             ... on level 3 of the Dungeon.
             The game lasted 00:16:46 (2949 turns).

Loudmushroom the Shield-Bearer (Gargoyle Fighter)   Turns: 2949, Time: 00:16:47

Health: -3/39      AC: 15    Str: 21    XL:     6   Next: 50%
Magic:  6/6        EV:  5    Int:  9    God:
Gold:   274        SH:  9    Dex:  9    Spells: 5/5 levels left

rFire    . . .     SeeInvis .   a - +0 war axe
rCold    . . .     Gourm    .   c - +0 shield
rNeg     + . .     Faith    .   u - +0 chain mail
rPois    ∞         Spirit   .   m - +0 helmet
rElec    +         Reflect  .   (no cloak)
rCorr    .         Harm     .   (no gloves)
MR       .....                  (no boots)
Stlth    ..........             (no amulet)
HPRegen  0.13/turn              (no ring)
MPRegen  0.10/turn              (no ring)

@: no status effects
A: negative energy resistance 1, electricity resistance, unbreathing,
petrification resistance, rot immunity, AC +4
a: no special abilities


You were on level 3 of the Dungeon.
You were not hungry.

You visited 1 branch of the dungeon, and saw 3 of its levels.

You collected 274 gold pieces.

Inventory:

Hand Weapons
 a - a +0 war axe (weapon)
 b - a +0 hunting sling
 o - a +0 spear
 C - a +0 trident
 F - a +0 hand crossbow
 G - a +0 blowgun
Missiles
 h - 198 stones
 j - 68 sling bullets
 n - 62 bolts
 B - 5 tomahawks (quivered)
 H - 10 poisoned needles
Armour
 c - a +0 shield (worn)
 m - a +0 helmet (worn)
 u - a +0 chain mail (worn)
 A - a +1 leather armour of cold resistance
Jewellery
 v - an uncursed ring of wizardry {unknown}
Wands
 x - a wand of flame (19)
 y - a wand of polymorph (8)
Scrolls
 e - 3 scrolls of teleportation {unknown}
 i - 4 scrolls of amnesia {unknown}
 q - 2 scrolls of remove curse {unknown}
 r - a scroll of fear {unknown}
 t - a scroll of magic mapping {unknown}
 w - a scroll of immolation {unknown}
 D - a scroll of enchant weapon {unknown}
 E - a scroll of random uselessness {unknown}
Potions
 d - a potion of might
 g - 3 potions of curing {unknown}
 k - a potion of heal wounds {unknown}
 l - 2 potions of haste {unknown}
 s - 2 potions of lignification {unknown}
 z - a potion of invisibility {unknown}
Comestibles
 f - 7 rations
 p - 6 chunks of flesh


   Skills:
 + Level 4.7 Fighting
 * Level 3.3 Axes
 + Level 4.6 Armour
 + Level 4.7 Shields
 + Level 0.8 Evocations


You had 5 spell levels left.
You didn't know any spells.
Your spell library was empty.

Dungeon Overview and Level Annotations

Branches:
Dungeon (3/15)

Altars:
Makhleb
Qazlal
Uskayaw
Wu Jian
The Shining One


Innate Abilities, Weirdness & Mutations

You are resistant to torment.
Your stone body is resilient. (AC +4)
You are immune to poison.
You resist negative energy. (rN+)
You are resistant to electric shocks. (rElec)
You can survive without breathing.
You are immune to petrification.
You are immune to rotting.


Message History

You block the orc priest's attack. The orc hits you but does no damage.
You block the orc priest's attack.
Items here: ( ) [ † a +0 short sword; a tomahawk; a +0 ring mail; an orc corpse The orc priest hits you with a +0 falchion.
The orc hits you with a +0 mace.
You slash the orc!
You kill the orc!
You closely miss the orc. You hit the orc priest.
The orc hits you but does no damage.
The orc priest hits you but does no damage.
The orc hits you but does no damage.
You hit the orc priest but do no damage.
The orc priest is heavily wounded.
You hit the orc but do no damage.
The orc priest mumbles some strange prayers to Beogh against you.
Beogh smites you! The orc hits you but does no damage.
The orc priest mumbles some strange prayers to Beogh against you.
Beogh smites you!
You die...

#.#####.######.###.###.
#.# ##.## ##)...
###.####.## ##.#.
........#)## ##.##.
#.##.###.##.###..).) #.
#.# #.###.#.####)
##.##.###.###..## #.
#.#...#o#........# ##
#....)@o)(...(..## #
###...#####.##### ##
##.. ...# #. ### #####
## #


You could see an orc priest and an orc.

Vanquished Creatures
  A bullfrog (D:2)
  A jelly (D:2)
  Ijyb (D:3)
  An orc wizard (D:3)
  8 adders
  An ooze (D:2)
  A worm (D:2)
  A dart slug (D:3)
  4 leopard geckos
  13 orcs (D:3)
  3 giant cockroaches
  10 goblins
  4 hobgoblins
  2 jackals (D:2)
  11 kobolds
  2 quokkas
  A ball python (D:3)
  11 bats
  8 frilled lizards
  9 rats
93 creatures vanquished.

Notes
Turn   | Place    | Note
-------+----------+-------------------------------------------
     0 | D:1      | Loudmushroom the Gargoyle Fighter began the quest for the
                  | Orb.
     0 | D:1      | Reached XP level 1. HP: 14/14 MP: 1/1
   116 | D:1      | Reached XP level 2. HP: 16/19 MP: 2/2
   542 | D:1      | Reached XP level 3. HP: 22/23 MP: 3/3
  1016 | D:2      | Reached XP level 4. HP: 28/29 MP: 4/4
  1333 | D:2      | Found a glowing golden altar of the Shining One.
  1491 | D:2      | Found a stormy altar of Qazlal.
  1500 | D:2      | Found a burning altar of Makhleb.
  1507 | D:2      | Found a hide-covered altar of Uskayaw.
  1619 | D:2      | Found a transporter.
  1625 | D:2      | Found a transporter.
  1628 | D:2      | Noticed a bullfrog
  1713 | D:2      | Found a faded altar of an unknown god.
  1817 | D:2      | Found an ornate altar of the Wu Jian Council.
  1964 | D:2      | Reached XP level 5. HP: 16/33 MP: 5/5
  2531 | D:3      | Noticed Ijyb
  2542 | D:3      | Killed Ijyb
  2542 | D:3      | Reached XP level 6. HP: 39/39 MP: 6/6
  2949 | D:3      | Killed from afar by an orc priest

Vault maps used:
D:1:      nzn_arrival_water_spiral, minmay_stone_trees_medium
D:2:      gammafunk_temple_overflow_arena, nicolae_tso_carved_into_rock,
          grunt_temple_overflow_diamond, chequers_ecumenical_altar_grove,
          st_stairs_12, minmay_tall_x
D:3:      first_ration, uniq_crazy_yiuf_cottage, uniq_ijyb

Skill      XL: |  1  2  3  4  5 |
---------------+----------------+-----
Axes           | 2 3 |  3.3
Shields        | 4 |  4.7
Fighting       | 4 |  4.7
Armour         | 4 |  4.6
Evocations     | |  0.8

Action                   |  1- 3 |  4- 6 || total
-------------------------+-------+-------++-------
Melee: War axe           |   142 |   203 ||   345
  Eat: Chunk             |     1 |     6 ||     7
Armor: Scale mail        |    86 |    23 ||   109
       Chain mail        |       |   173 ||   173
Dodge: Dodged            |    57 |    67 ||   124
Block: Shield            |    99 |   150 ||   249

Table legend:
 A = Non-vault XP
 B = Vault XP
 C = Vault XP percentage of total XP
 D = Non-vault monster count
 E = Vault monster count
 F = Vault count percentage of total count
                 A         B        C        D         E       F
            +---------+---------+-------+---------+---------+-------
      Total |     273 |     196 |  41.8 |      83 |      10 |  10.8
            +---------+---------+-------+---------+---------+-------
        D:1 |      40 |       0 |   0.0 |      26 |       0 |   0.0
        D:2 |      79 |     160 |  66.9 |      23 |       9 |  28.1
        D:3 |     154 |      36 |  18.9 |      34 |       1 |   2.9
            +---------+---------+-------+---------+---------+-------
